 Dungeon Crawl Stone Soup version 0.28.0-53-g5a82cb258f (webtiles) character file.

Game seed: 11316428060868804292

31 nickcage the Ruffian (level 3, 0/36 HPs)
             Began as a Troll Monk on July 11, 2022.
             Slain by a gnoll
             ... wielding a +0 spear
              (2 damage)
             ... on level 2 of the Dungeon.
             The game lasted 00:02:12 (718 turns).

nickcage the Ruffian (Troll Monk)                    Turns: 718, Time: 00:02:14

Health: 0/36       AC:  5    Str: 21    XL:     3   Next: 7%
Magic:  2/2        EV: 10    Int:  6    God:
Gold:   38         SH:  0    Dex: 12    Spells: 2/2 levels left

rFire   . . .      SeeInvis .     - Unarmed
rCold   . . .      Faith    .   (no shield)
rNeg    . . .      Spirit   .   a - +0 robe
rPois   .          Reflect  .   (helmet restricted)
rElec   .          Harm     .   g - +0 cloak
rCorr   .          Rampage  .   (gloves unavailable)
Will    .....                   (boots unavailable)
Stlth   ++........              (no amulet)
HPRegen 0.92/turn               (no ring)
MPRegen 0.08/turn               (no ring)

@: no status effects
A: large, unfitting armour, claws 3, regeneration 1, shaggy fur 1, tough skin 1
a: no special abilities


You were on level 2 of the Dungeon.
You visited 1 branch of the dungeon, and saw 2 of its levels.

You collected 38 gold pieces.

Inventory:

Armour
 a - a +0 robe (worn)
 g - a +0 cloak (worn)
Scrolls
 c - 2 scrolls of summoning {unknown}
 e - a scroll of enchant armour {unknown}
 f - a scroll of fog {unknown}
 i - a scroll of immolation {unknown}
Potions
 b - 2 potions of attraction {unknown}
 d - a potion of invisibility {unknown}
 h - a potion of ambrosia {unknown}


   Skills:
 - Level 2.4 Fighting
 - Level 2.4 Dodging
 - Level 1.0 Stealth
 + Level 4.2 Unarmed Combat


You had 2 spell levels left.
You didn't know any spells.
Your spell library was empty.

Dungeon Overview and Level Annotations

Branches:
Dungeon (2/15)

Altars:

Shops:
D:2 ?


Innate Abilities, Weirdness & Mutations

You are too large for most types of armour.
You have claws for hands.
Your natural rate of healing is unusually fast.
You are covered in fur. (AC +1)
You have tough skin. (AC +1)


Message History

You kill the quokka!
No target in view!
You now have 38 gold pieces (gained 8).
You see here a quokka corpse.
A gnoll comes into view. It is wielding a +0 whip.
The gnoll shouts!
You hear a shout!
A gnoll comes into view. It is wielding a +0 spear.
A gnoll comes into view. It is wielding a +2 whip of freezing.
The gnoll throws a throwing net.
The throwing net hits you.
You become entangled in the net!
You see here a throwing net.
You are held in a net!
You are held in a net!
You are held in a net!
You struggle against the net.
You struggle against the net.
You struggle against the net.
The gnoll hits you with a +0 whip.
You struggle against the net.
The gnoll hits you but does no damage. The gnoll hits you with a +0 whip!
You shred the net and break free!
The gnoll hits you from afar with a +0 spear!
The gnoll barely misses you.
You closely miss the gnoll.
The gnoll hits you with a +2 whip of freezing!
The gnoll freezes you.
You completely miss the gnoll.
The gnoll hits you with a +2 whip of freezing.
* * * LOW HITPOINT WARNING * * *
The gnoll freezes you.
* * * LOW HITPOINT WARNING * * *
The gnoll hits you from afar with a +0 spear.
* * * LOW HITPOINT WARNING * * *
You scratch the gnoll.
The gnoll is moderately wounded.
The gnoll hits you with a +2 whip of freezing.
* * * LOW HITPOINT WARNING * * *
The gnoll freezes you.
* * * LOW HITPOINT WARNING * * *
The gnoll hits you from afar with a +0 spear.
You die...

..............#
#.#.##.....
.#######.###### #.#.
#.#### #.# #......# #.
#.# ##.#### #. ####.####
#...# #. #...†...# #...#
#. #.##.##.# #...# #. #
#.##.# #...# #.
..##@#######...#####.
.####g##....(...<.....
..#....g.g.............
........##>............#
##..#.#########.....#####
..... #.......### #...
#.........# #.#
#.........# ..
##........#


You could see 2 gnolls.

Vanquished Creatures
  An adder (D:2)
  A dart slug (D:1)
  4 ball pythons
  3 endoplasms (D:1)
  A goblin (D:1)
  A quokka (D:2)
  2 bats
  2 frilled lizards (D:1)
  3 kobolds (D:1)
  2 rats
20 creatures vanquished.

Vanquished Creatures (others)
  2 fungi (D:1)
  3 plants (D:1)
5 creatures vanquished.

Grand Total: 25 creatures vanquished

Notes
Turn   | Place    | Note
-------+----------+-------------------------------------------
     0 | D:1      | nickcage the Troll Monk began the quest for the Orb.
     0 | D:1      | Reached XP level 1. HP: 22/22 MP: 0/0
    78 | D:1      | Found a faded altar of an unknown god.
   141 | D:1      | Reached XP level 2. HP: 29/29 MP: 1/1
   571 | D:2      | Found Hacvuan's Magic Scroll Emporium.
   584 | D:2      | Reached skill level 4 in Unarmed Combat
   600 | D:2      | Reached XP level 3. HP: 36/36 MP: 2/2
   718 | D:2      | Slain by a gnoll

Illustrated notes

Levels and vault maps discovered:
D:1:      wander_arrival_peaceful_grave, layout_basic,
          shapermc_ecumenical_altar_mp_ritualfount, amcnicky_mini_pool_small
D:2:      layout_loops_cross, serial_shops, shop_fountains,
          uniq_crazy_yiuf_cottage

Skill      XL: |  1  2 |
---------------+-------+-----
Unarmed Combat | 4 |  4.2
Fighting       | |  2.4
Dodging        | |  2.4
Stealth        | |  1.0

Action                   || total
-------------------------++-------
Melee: Unarmed           ||    42
 Stab: Sleeping          ||     3
Armor: Robe              ||    14
Dodge: Dodged            ||    23
